 Dungeon Crawl Stone Soup version 0.31-a0-217-g58bb5d79cf (webtiles) character file.

Game seed: 17796650859198630412

53 qw the Shooter (level 3, -3/21 HPs)
             Began as a Gargoyle Hexslinger on July 2, 2023.
             Frozen to death by an endoplasm (4 damage)
             ... on level 2 of the Dungeon.
             The game lasted 00:00:18 (615 turns).

qw the Shooter (Gargoyle Hexslinger)                 Turns: 615, Time: 00:00:18

Health: -3/21      AC:  5    Str: 11    XL:     3   Next: 87%
Magic:  4/4        EV: 12    Int: 13    God:
Gold:   65         SH:  0    Dex: 14    Spells: 3/4 levels left

rFire   . . .        Y - +1 sling
rCold   . . .        (no shield)
rNeg    + . .        c - +0 robe
rPois   inf          (no helmet)
rElec   +            (no cloak)
rCorr   .            (no gloves)
SInv    .            (no boots)
Will    .....        (no amulet)
Stlth   +            (no ring)
HPRegen 0.23/turn    (no ring)
MPRegen 0.09/turn

%: no passive effects
@: about to teleport
A: sickness immunity, AC +3, negative energy resistance 1, electricity
resistance, torment resistance 1, petrification resistance
a: no special abilities


You were on level 2 of the Dungeon.
You visited 1 branch of the dungeon, and saw 2 of its levels.

You collected 65 gold pieces.


Innate Abilities, Weirdness & Mutations

You are immune to sickness and miasma.
Your stone body is resilient. (AC +3)
You are immune to poison.
You resist negative energy. (rN+)
You are resistant to electric shocks. (rElec)
You are resistant to unholy torment.
You are immune to petrification.


   Skills:
 - Level 2.0 Fighting
 + Level 3.7 Ranged Weapons
 - Level 1.5 Dodging
 - Level 1.0 Spellcasting
 - Level 2.6 Hexes


You had 3 spell levels left.
You knew the following spells:

 Your Spells              Type           Power      Damage    Failure   Level
a - Slow                  Hex            28%        N/A       10%         1

Your spell library contained the following spells:

 Spells                   Type           Power      Damage    Failure   Level
 Inner Flame              Hex/Fire       4%         N/A       43%         3
 Portal Projectile        Hex/Tloc       8%         N/A       43%         3
 Cause Fear               Hex            3%         N/A       67%         4

Inventory:

Hand Weapons
 Y - a +1 sling (weapon)
Armour
 a - a +0 ring mail
 c - a +0 robe (worn)
 d - the +0 ring mail of Resonance {+Inv}
   (You found it on level 2 of the Dungeon)

   +Inv:      It lets you turn invisible.
Jewellery
 b - an amulet of faith
Potions
 f - a potion of enlightenment {unknown}
 i - a potion of curing
 j - a potion of heal wounds {unknown}

Dungeon Overview and Level Annotations

Branches:
Dungeon (2/15)

Altars:


Message History

The endoplasm is lightly wounded.
You hear a shout!
The quokka closely misses you.
A gnoll comes into view. It is wielding a +0 whip.
The gnoll misses you. The quokka bites you.
The gnoll hits you with a +2 flail of draining.
You shoot a sling bullet. The sling bullet hits the gnoll.
The gnoll is almost dead.
A bat comes into view.
The quokka bites you but does no damage.
The gnoll hits you with a +2 flail of draining.
The quokka barely misses you.
The bat moves out of view.
You shoot a sling bullet.
The sling bullet barely misses the gnoll.
The sling bullet hits the endoplasm but does no damage.
The gnoll barely misses you. The quokka closely misses you.
You shoot a sling bullet.
The sling bullet hits the gnoll but does no damage.
The gnoll is almost dead.
The quokka bites you but does no damage.
The gnoll hits you with a +2 flail of draining!
The quokka twitches its whiskers.
The quokka closely misses you. The gnoll completely misses you.
You shoot a sling bullet. The sling bullet hits the gnoll.
You kill the gnoll!
The bat hits you but does no damage. The quokka misses you.
You shoot a sling bullet. The sling bullet hits the endoplasm.
The endoplasm is lightly wounded.
You hear a shout!
The bat misses you. The quokka misses you. The bat closely misses you.
A hobgoblin comes into view.
The endoplasm freezes you.
You are frozen.
The quokka bites you.
615 ||| READING scroll of teleportation.
As you read the scroll of teleportation, it crumbles to dust.
You feel strangely unstable. The bat hits you but does no damage.
The endoplasm freezes you.
You are frozen.
You die...

#. ..#..... .#. ##.
............. #.. #
##..#.......# #.#
#.#..........### #.#
...#.#.###....######.#
......#.............
##r#b%..###.##....##
#gJ@...........##)#
#.##......#...##..# .g
#..#.#.#.%....## ...
##............# ##.
#....##..###.# #
#.##.###># #.# #.##.#
#.###.# #.##.# #.....#
.....###..####


You could see a gnoll, an endoplasm, a quokka, a hobgoblin and a bat.

Vanquished Creatures
  3 gnolls
  2 endoplasms (D:1)
  A giant cockroach (D:1)
  3 goblins
  4 hobgoblins
  A kobold (D:1)
  2 quokkas
  3 ball pythons
  3 bats (D:1)
  A frilled lizard (D:2)
  A rat (D:2)
24 creatures vanquished.

Notes
Turn   | Place    | Note
-------+----------+-------------------------------------------
     0 | D:1      | qw the Gargoyle Hexslinger began the quest for the Orb.
     0 | D:1      | Reached XP level 1. HP: 12/12 MP: 2/2
     0 | D:1      | 0 ||| qw: Version: 0.3-a-40-ge99b1a8
     0 | D:1      | 0 ||| qw: Game counter: 243
     0 | D:1      | 0 ||| qw: Melee chars always use a shield: true
     0 | D:1      | 0 ||| qw: God list: Okawaru
     0 | D:1      | 0 ||| qw: Allow faded altars: false
     0 | D:1      | 0 ||| qw: Do Orc after clearing Dungeon:15 true
     0 | D:1      | 0 ||| qw: Do second Lair branch before Depths: true
     0 | D:1      | 0 ||| qw: Lair rune preference: random
     0 | D:1      | 0 ||| qw: Goals: Normal
     0 | D:1      | 0 ||| PLANNING D:1-11
    27 | D:1      | Reached XP level 2. HP: 12/16 MP: 3/3
    82 | D:1      | Reached skill level 3 in Ranged Weapons
   369 | D:1      | Reached XP level 3. HP: 21/21 MP: 4/4
   475 | D:1      | 475 ||| DROPPING ring of wizardry.
   476 | D:1      | 476 ||| READING scroll labelled YPELAI WOCWEIGRES.
   477 | D:1      | 477 ||| READING 2 scrolls labelled MOITUU MOTHRUI.
   482 | D:1      | 482 ||| READING scroll labelled XENTAWK HAGRE.
   483 | D:1      | 483 ||| DRINKING 2 fuming silvery potions.
   484 | D:1      | 484 ||| DROPPING scroll of poison.
   580 | D:2      | Identified the +0 ring mail of Resonance {+Inv}
   614 | D:2      | HP: 2/21 [frozen (4)]
   615 | D:2      | 615 ||| READING scroll of teleportation.
   615 | D:2      | Frozen to death by an endoplasm

Levels and vault maps discovered:
D:1:      dpeg_arrival_tiny_d, layout_rooms, solitary_fountain
D:2:      layout_rooms, basic_altar

Skill      XL: |  1  2 |
---------------+-------+-----
Ranged Weapons | 3 |  3.7
Fighting       | 2 |  2.0
Dodging        | |  1.5
Spellcasting   | |  1.0
Hexes          | |  2.6

Action                     || total
---------------------------++-------
   Fire: Sling             ||    67
    Use: Scroll            ||     4
         Potion            ||     1
 Armour: Robe              ||     7
  Dodge: Dodged            ||    21

Table legend:
 A = Non-vault XP
 B = Vault XP
 C = Vault XP percentage of total XP
 D = Non-vault monster count
 E = Vault monster count
 F = Vault count percentage of total count
                 A         B        C        D         E       F
            +---------+---------+-------+---------+---------+-------
      Total |      76 |       0 |   0.0 |      24 |       0 |   0.0
            +---------+---------+-------+---------+---------+-------
        D:1 |      41 |       0 |   0.0 |      16 |       0 |   0.0
        D:2 |      35 |       0 |   0.0 |       8 |       0 |   0.0
            +---------+---------+-------+---------+---------+-------
